AoeStats
← wzd27

Arena

509648535Analyzed
4v4 RM · 6d ago on Sep 27, 2026· 58m 14s· 8 players
Game mode
Random Map
Map size
Large (8 player)
Population
200
Speed
Normal
Resources
Standard
Victory
Conquest
Starting age
Dark Age
Ending age
Imperial Age
RankedLock teamsTeams togetherTeam positionsShared explorationLock speedFull tech treeHidden civsTurbo modeCheats
Victory
Defeat
🇵🇪 Malians · Peru
1033
+15
🇨🇱 Byzantines · Chile
1027
+16
🇨🇴 Burgundians · Colombia
981
+18
🇵🇪 Khmer · Peru
922
+20
🇷🇺 Mapuche · Russia
1036
-18
🇲🇦 Bohemians · Morocco
1035
-18
🇹🇷 Khmer · Türkiye
1011
-17
🇩🇪 Ethiopians · Germany
988
-16
wzd27
2:48 Loom
12:49 Feudal Age
13:30 Horse Collar
13:38 Double-Bit Axe
20:55 Castle Age
20:29 Forging
20:19 Scale Mail Armor
20:35 Fletching
20:45 Padded Archer Armor
22:15 Heavy Plow
22:28 Bow Saw
23:47 Crossbowman
24:29 Gold Mining
25:31 Wheelbarrow
24:42 Town Watch
25:46 Ballistics
26:30 Stone Mining
27:04 Fortified Wall
28:41 Gold Shaft Mining
29:32 Leather Archer Armor
30:28 Town Patrol
30:40 Murder Holes
32:36 Hand Cart
33:15 Thumb Ring
36:23 Imperial Age
34:45 Squires
35:52 Bodkin Arrow
38:04 Chemistry
37:11 Siege Engineers
36:30 Arbalester
37:13 Bracer
37:43 Ring Archer Armor
39:00 Iron Casting
38:41 Chain Mail Armor
39:06 Stone Shaft Mining
39:18 Masonry
42:08 Torsion Engines
42:30 Conscription
42:11 Royal Heirs
47:11 Elite Shotel Warrior
48:57 Plate Mail Armor
49:29 Blast Furnace
50:04 Architecture
50:52 Two-Man Saw
56:07 Halberdier
KingTeOTep
5:58 Loom
11:00 Feudal Age
12:57 Wheelbarrow
12:09 Horse Collar
12:17 Double-Bit Axe
18:20 Castle Age
19:42 Bow Saw
19:36 Heavy Plow
22:07 Hand Cart
22:16 Fervor
23:11 Fortified Wall
23:46 Town Watch
25:15 Sanctity
27:53 Pikeman
32:35 Imperial Age
30:09 Scale Mail Armor
30:01 Fletching
30:14 Squires
30:18 Arson
31:07 Masonry
31:36 Chain Mail Armor
31:16 Bodkin Arrow
31:32 Forging
33:11 Chemistry
32:54 Ballistics
34:28 Conscription
35:23 Architecture
36:07 Two-Man Saw
34:49 Halberdier
37:01 Bracer
37:04 Onager
38:25 Plate Mail Armor
38:36 Iron Casting
38:22 Siege Engineers
40:21 Bombard Tower
39:37 Houfnice
AmbassadorKaifa
12:18 Feudal Age
16:18 Castle Age
14:55 Double-Bit Axe
14:52 Horse Collar
15:04 Gold Mining
15:37 Loom
15:43 Fletching
16:11 Champi Runner
17:50 Wheelbarrow
18:14 Bodkin Arrow
25:30 Padded Archer Armor
25:42 Bow Saw
25:35 Heavy Plow
26:31 Leather Archer Armor
27:58 Forging
28:37 Gold Shaft Mining
35:06 Imperial Age
32:54 Hand Cart
32:25 Town Watch
33:48 Scale Mail Armor
33:11 Elite Skirmisher
33:48 Stone Mining
35:39 Stone Shaft Mining
34:27 Pikeman
35:59 Elite Bolas Rider
37:03 Ballistics
37:44 Chemistry
36:49 Siege Engineers
37:18 Ring Archer Armor
37:44 Crop Rotation
38:18 Halberdier
39:33 Chain Mail Armor
39:54 Iron Casting
38:40 Champi Warrior
39:07 Arson
40:53 Malon
41:03 Butalmapu
42:46 Plate Mail Armor
43:17 Blast Furnace
45:02 Elite Kona
46:03 Conscription
45:06 Elite Champi Warrior
49:38 Hoardings
49:42 Masonry
49:28 Murder Holes
YemYesiL
11:09 Feudal Age
9:46 Loom
14:45 Castle Age
13:16 Double-Bit Axe
13:38 Horse Collar
21:15 Heavy Plow
21:56 Bow Saw
22:50 Gold Mining
27:10 Wheelbarrow
28:14 Ballistics
29:41 Gold Shaft Mining
32:04 Imperial Age
31:28 Murder Holes
31:47 Masonry
32:11 Heavy Scorpion
32:59 Double Crossbow
34:39 Chemistry
34:50 Architecture
35:13 Siege Engineers
Yailes<3
9:41 Feudal Age
14:24 Wheelbarrow
17:03 Castle Age
15:47 Double-Bit Axe
15:43 Horse Collar
21:29 Bow Saw
26:10 Fletching
26:39 Stone Mining
27:34 Thumb Ring
28:22 Stone Shaft Mining
28:10 Hand Cart
28:24 Heavy Plow
28:37 Treadmill Crane
29:23 Crossbowman
30:07 Padded Archer Armor
30:12 Gold Mining
31:25 Bodkin Arrow
32:46 Leather Archer Armor
33:39 Ballistics
33:32 Town Watch
33:35 Loom
34:53 Husbandry
35:04 Bloodlines
34:16 Light Cavalry
37:45 Imperial Age
35:18 Town Patrol
35:58 Forging
37:54 Onager
39:01 Conscription
41:11 Chemistry
54:13 Fortified Wall
DeadpanFox71524
7:53 Double-Bit Axe
12:50 Feudal Age
16:05 Loom
18:58 Castle Age
18:13 Bow Saw
17:46 Horse Collar
19:06 Heavy Plow
21:32 Two-Man Saw
22:19 Wheelbarrow
22:33 Padded Archer Armor
22:24 Fletching
24:26 Leather Archer Armor
24:39 Town Watch
26:32 Hand Cart
27:26 Town Patrol
32:56 Imperial Age
30:48 Bodkin Arrow
32:24 Ballistics
32:38 Husbandry
32:53 Forging
32:49 Scale Barding Armor
34:43 Chemistry
33:24 Treadmill Crane
33:58 Fortified Wall
34:00 Masonry
33:49 Gold Mining
33:52 Stone Mining
33:34 Light Cavalry
34:45 Hussar
36:42 Gold Shaft Mining
36:43 Stone Shaft Mining
36:45 Bombard Tower
36:25 Murder Holes
41:14 Elite Skirmisher
Aryey
10:15 Feudal Age
11:42 Wheelbarrow
10:49 Horse Collar
10:56 Double-Bit Axe
12:30 Gold Mining
19:23 Castle Age
21:44 Hand Cart
22:24 Stone Mining
22:43 Heavy Plow
23:07 Bow Saw
24:01 Stone Shaft Mining
24:48 Gold Shaft Mining
32:36 Imperial Age
31:23 Tusk Swords
32:39 Elite Ballista Elephant
33:19 Double Crossbow
32:53 Cavalier
37:13 Heavy Scorpion
37:18 Onager
38:36 Conscription
38:32 Scale Barding Armor
38:38 Forging
49:30 Caravan
50:00 Coinage
53:23 Chain Barding Armor
53:38 Iron Casting
53:05 Scale Mail Armor
55:57 Banking
Nyxzio
11:17 Feudal Age
11:08 Loom
15:42 Castle Age
13:58 Double-Bit Axe
14:23 Horse Collar
18:44 Wheelbarrow
21:38 Husbandry
22:20 Forging
24:18 Scale Barding Armor
29:21 Caravan
29:26 Gold Mining
29:58 Heavy Plow
31:21 Gold Shaft Mining
30:37 Stone Mining
32:09 Hand Cart
33:19 Bow Saw
34:26 Iron Casting
34:30 Squires
34:15 Arson
34:19 Gambesons
35:49 Elite Skirmisher
36:22 Fletching
37:02 Bodkin Arrow
37:07 Padded Archer Armor
39:49 Imperial Age
38:42 Leather Archer Armor
38:48 Chain Barding Armor
40:27 Ballistics
40:31 Bracer
40:54 Conscription
41:36 Chemistry
42:03 Ring Archer Armor
42:50 Two-Man Saw
42:25 Fortified Wall
43:35 Elite Cataphract
45:07 Heavy Camel Rider
49:06 Logistica
49:51 Plate Barding Armor
50:33 Greek Fire
53:21 Bombard Tower
52:57 Murder Holes
55:24 Treadmill Crane
Connection lost

Rejoining the realm…

Still unreachable

The connection could not be restored.

Session expired

The server has moved on; the page needs a fresh start.